 Dungeon Crawl Stone Soup version 0.31-a0-609-g7bf6ffcfed (webtiles) character file.

Game seed: 11946615136500117198

478864 freelancePsychic the Wrestler (level 23, -5/154 (186) HPs)
             Began as a Demonspawn Shapeshifter on Aug 21, 2023.
             Was the Champion of Ru.
             Killed from afar by an acid blob (9 damage)
             ... with a splash of acid
             ... created by the Royal Jelly
             ... on level 5 of the Pits of Slime.
             The game lasted 01:37:11 (63627 turns).

freelancePsychic the Wrestler (DsSh)               Turns: 63627, Time: 01:37:11

HP:   -5/154 (186)  AC: 12    Str: 28    XL:     23   Next: 67%
MP:   0/30          EV: 18    Int: 11    God:    Ru [******]
Gold: 3473          SH: 15    Dex: 23    Spells: 32/32 levels left

rFire   + .          .
                       - Unarmed
rCold   + . .        y - +2 kite shield {reflect}
rNeg    + + +        X - quicksilver dragon scales
rPois   ∞            W - +1 hat of Tuci {Will+ Dex+4}
rElec   +            k - +2 cloak {Will+}
rCorr   .            (gloves unavailable)
SInv    .            e - +0 pair of boots
Will    +++++        T - amulet "Qigo" {RegenMP rElec Int+3 Slay+3 Stlth-} Stlth
                     u - ring of protection from fire
HPRegen 0.45/turn    K - ring of Xurisang {Fly rElec Str+4 Int-3 Dex+4}
MPRegen 0.84/turn

%: reflection, guardian spirit
@: exhausted, death-form, corroded, overwhelmed with horror, on siphon cooldown,
flying, studying 2 skills, heavily drained
A: vile attack, torment immunity, no potions, reduced hp, claws 3, slimy green
scales 2, hurl damnation, ignite blood 3, screaming 1, torment resistance 1,
magic shield, magic regeneration, magic link, inability to drink after injury 2,
hated by all, cowardly, no ice magic, no translocations magic, no transmutations
magic, weak-willed 1, demonic willpower
}: 2/15 runes: decaying, serpentine
a: Hurl Damnation, Siphon Essence, Begin Untransformation, Renounce Religion,
Draw Out Power, Power Leap, Apocalypse


You were on level 5 of the Pits of Slime.
You worshipped Ru.
Ru was exalted by your worship.
You were an undying horror.
You visited 11 branches of the dungeon, and saw 50 of its levels.
You also visited: Sewer, Ossuary, Gauntlet and Ice Cave.

You collected 6998 gold pieces.
You spent 3525 gold pieces at shops.

Inventory:

Hand Weapons
 a - a +0 shortbow
 B - a +1 vampiric demon blade
Missiles
 b - 2 throwing nets
Armour
 e - a +0 pair of boots (worn)
 k - a +2 cloak of willpower (worn)
 y - a +2 kite shield of reflection (worn)
 F - a +2 cloak of poison resistance
 W - the +1 hat of Tuci (worn) {Will+ Dex+4}
   (You acquired it on level 4 of the Lair of Beasts)

   Dex+4:     It affects your dexterity (+4).
   Will+:     It increases your willpower.
 X - quicksilver dragon scales (worn)
Jewellery
 u - a ring of protection from fire (left claw)
 K - the ring of Xurisang (right claw) {Fly rElec Str+4 Int-3 Dex+4}
   (You found it in a Gauntlet)

   [ring of flight]

   Str+4:     It affects your strength (+4).
   Int-3:     It affects your intelligence (-3).
   Dex+4:     It affects your dexterity (+4).
   rElec:     It insulates you from electricity.
   Fly:       It grants you flight.
 Q - a ring of protection from fire
 T - the amulet "Qigo" (around neck) {RegenMP rElec Int+3 Slay+3 Stlth-}
   (You found it on level 2 of the Snake Pit)

   [amulet of magic regeneration]

   RegenMP:   It increases your rate of magic regeneration.
   Int+3:     It affects your intelligence (+3).
   Slay+3:    It affects your accuracy & damage with ranged weapons and melee
   (+3).
   rElec:     It insulates you from electricity.
   Stlth-:    It makes you less stealthy.
Talismans
 c - a talisman of death (active)
 x - a storm talisman
 S - a blade talisman
Wands
 d - a wand of polymorph (25)
 t - a wand of flame (90)
 L - a wand of roots (19)
 N - a wand of digging (15)
 P - a wand of quicksilver (26)
Scrolls
 g - 6 scrolls of poison
 l - 6 scrolls of immolation
 m - 7 scrolls of amnesia
 n - 21 scrolls of teleportation {@r4}
 o - 6 scrolls of brand weapon
 q - 2 scrolls of silence
 r - a scroll of revelation
 w - 4 scrolls of vulnerability
 D - 13 scrolls of blinking
 M - 2 scrolls of enchant armour
 O - 4 scrolls of torment
 R - 7 scrolls of fear
 U - 10 scrolls of fog
 Z - 4 scrolls of enchant weapon
Potions
 f - 5 potions of cancellation
 h - 4 potions of ambrosia
 i - 7 potions of mutation
 j - 23 potions of curing {@q1}
 p - 7 potions of resistance
 s - 6 potions of heal wounds {@q2}
 v - a potion of berserk rage
 z - 11 potions of enlightenment
 A - 2 potions of attraction
 G - 8 potions of brilliance
 H - 9 potions of lignification
 I - 3 potions of might
 J - 3 potions of magic
 Y - 8 potions of haste {@q3}
Miscellaneous
 C - a lightning rod (4/4)
 E - a phial of floods
 V - a tin of tremorstones (2/2)


   Skills:
 - Level 20.3 Fighting
 - Level 14.4 Armour
 - Level 9.4 Dodging
 * Level 10.9 Shields
 - Level 22.0 Unarmed Combat
 - Level 5.0 Spellcasting
 - Level 5.0 Evocations
 + Level 20.4 Shapeshifting


You had 32 spell levels left.
You didn't know any spells.
Your spell library contained the following spells:

 Spells                   Type           Power      Damage    Failure   Level
 Kiss of Death            Conj/Necr      0%         2d5       41%         1
 Magic Dart               Conj           0%         1d3       41%         1
 Necrotise                Necr           0%         1d4       41%         1
 Sandblast                Erth           0%         2d4       41%         1
 Cigotuvi's Dreadful Rot  Necr/Pois/Air  0%         N/A       54%         2
 Poisonous Vapours        Pois/Air       0%         N/A       54%         2
 Searing Ray              Conj           0%         2d4       54%         2
 Sublimation of Blood     Necr           0%         N/A       54%         2
 Confusing Touch          Hex            0%         N/A       78%         3
 Dazzling Flash           Conj/Hex       0%         N/A       78%         3
 Inner Flame              Hex/Fire       0%         N/A       78%         3
 Mephitic Cloud           Conj/Pois/Air  0%         N/A       78%         3
 Stone Arrow              Conj/Erth      0%         3d7       78%         3
 Vampiric Draining        Necr           0%         2d6       78%         3
 Anguish                  Hex/Necr       0%         N/A       99%         4
 Cause Fear               Hex            0%         N/A       99%         4
 Dispel Undead            Necr           0%         3d6       99%         4
 Flame Wave               Conj/Fire      0%         2d4       99%         4
 Fulminant Prism          Conj/Hex       0%         3d5       99%         4
 Leda's Liquefaction      Hex/Erth       0%         N/A       99%         4
 Olgreb's Toxic Radiance  Pois           0%         N/A       99%         4
 Sticky Flame             Conj/Fire      0%         2d3       99%         4
 Agony                    Necr           0%         N/A       100%        5
 Arcjolt                  Conj/Air       0%         1d10      100%        5
 Fireball                 Conj/Fire      0%         3d3       100%        5
 Iskenderun's Battlesphe  Conj           0%         2d6       100%        5
 Lee's Rapid Deconstruct  Erth           0%         3d4*      100%        5
 Silence                  Hex/Air        0%         N/A       100%        5
 Conjure Ball Lightning   Conj/Air       0%         3x3d6     100%        6
 Leda's Unmaking          Conj/Erth      0%         9d1       100%        6
 Plasma Beam              Fire/Air       0%         2x1d10    100%        6
 Starburst                Conj/Fire      0%         6d3       100%        6
 Orb of Destruction       Conj           0%         9d5       100%        7
 Discord                  Hex            0%         N/A       100%        8
 Ignition                 Fire           0%         3d3       100%        8
 Lehudib's Crystal Spear  Conj/Erth      0%         10d2      100%        8
 Maxwell's Capacitive Co  Air            0%         ∞         100%        8
 Death's Door             Necr           0%         N/A       100%        9
 Call Imp                 Summ           Unusable   N/A       N/A         2
 Ensorcelled Hibernation  Hex/Ice        Unusable   N/A       N/A         2
 Passwall                 Tmut/Erth      Unusable   N/A       N/A         2
 Call Canine Familiar     Summ           Unusable   N/A       N/A         3
 Ignite Poison            Fire/Tmut/Pois Unusable   N/A       N/A         3
 Ozocubu's Armour         Ice            Unusable   N/A       N/A         3
 Portal Projectile        Hex/Tloc       Unusable   N/A       N/A         3
 Summon Guardian Golem    Hex/Summ       Unusable   N/A       N/A         3
 Vhi's Electric Charge    Tloc/Air       Unusable   N/A       N/A         3
 Volatile Blastmotes      Fire/Tloc      Unusable   2d10      N/A         3
 Animate Armour           Summ/Erth      Unusable   N/A       N/A         4
 Animate Dead             Necr           Unusable   N/A       N/A         4
 Passage of Golubria      Tloc           Unusable   N/A       N/A         4
 Summon Lightning Spire   Summ/Air       Unusable   N/A       N/A         4
 Freezing Cloud           Conj/Ice/Air   Unusable   6-21      N/A         5
 Metabolic Englaciation   Hex/Ice        Unusable   N/A       N/A         5
 Simulacrum               Ice/Necr       Unusable   N/A       N/A         6
 Haunt                    Necr/Summ      Unusable   N/A       N/A         7
 Spellforged Servitor     Conj/Summ      Unusable   N/A       N/A         7
 Disjunction              Tloc           Unusable   N/A       N/A         8
 Infestation              Necr           Unusable   N/A       N/A         8
 Dragon's Call            Summ           Unusable   N/A       N/A         9

Dungeon Overview and Level Annotations

Branches:
Dungeon (15/15)            Temple (1/1) D:4            Lair (5/5) D:11
  Swamp (4/4) Lair:3        Snake (4/4) Lair:3        Slime (5/5) Lair:4
    Orc (2/2) D:12            Elf (3/3) Orc:2        Vaults (4/5) D:13
  Crypt (3/3) Vaults:3       Tomb (0/3) Crypt:3      Depths (4/4) D:15
    Zot (0/5) Depths:4      Sewer (visited)         Ossuary (visited)
  IceCv (visited)         Gauntlet (visited)

Altars:
Ashenzari
Cheibriados
Dithmenos
Gozag
Kikubaaqudgha
Makhleb
Nemelex Xobeh
Okawaru
Qazlal
Ru
Sif Muna
Trog
Uskayaw
Vehumet
Wu Jian
Xom

Shops:
D:6 (   D:13 *?   D:15 ?   Orc:2 (?=*   Elf:1 (   Elf:3 *   Snake:3 [
Snake:4 :   Vaults:1 ?   Vaults:3 (!   Depths:1 =   Depths:3 =:=   Depths:4 =:

Portals:
Hell: Depths:1 Depths:2 Depths:3 Depths:4
Abyss: Depths:1 Depths:3
Pandemonium: Orc:2 Depths:2
Ziggurat: Depths:2

Annotations:
D:4 2 transporters, wormstring's ghost, amateur DsSh
D:7 2 transporters, wormstring's ghost, novice DrSh
Elf:2 3 runed translucent doors


Innate Abilities, Weirdness & Mutations

You are an undying horror.
Your melee and unarmed attacks drain, slow and weaken victims.
You are immune to unholy pain and torment.
You cannot drink.
Your maximum health is decreased, since you lack skill for your form.
You are immune to poison.
You have claws for hands.
You are mostly covered in slimy green scales. (AC +3)
You can hurl damnation.
Your demonic aura causes all spilled blood to erupt in flames.
You occasionally shout uncontrollably at your foes.
You are resistant to unholy torment.
When hurt, damage is shared between your health and your magic reserves.
You regenerate magic rapidly.
When low on magic, you restore magic in place of health.
You sometimes lose the ability to drink potions when taking damage.
You are hated by all.
Your cowardice makes you less effective in combat with threatening foes.
You cannot study or cast Ice magic.
You cannot study or cast Translocations magic.
You cannot study or cast Transmutations magic.
You are slightly weak-willed. (Will-)
You punish those that try to bend your will. (Will+)


Message History

The fiery explosion engulfs the rockslime.
The rockslime completely resists.
The rockslime is heavily wounded.
The fiery explosion engulfs the rockslime!
The rockslime resists.
Flame seeps out of the rockslime.
The rockslime is almost dead.
The fiery explosion engulfs the acid blob!!!
The acid blob is almost dead.
The fiery explosion engulfs the rockslime.
The rockslime completely resists.
The rockslime is severely wounded.
The fiery explosion engulfs the Royal Jelly!!!
You feel a strange vibration for a moment.
With an infernal noise, the power ruling this place vanishes!
The fiery explosion engulfs the quicksilver ooze!!
The quicksilver ooze is severely wounded.
The Royal Jelly explodes!
The fiery explosion engulfs the rockslime.
The rockslime resists.
Flame seeps out of the rockslime.
The rockslime is almost dead.
The fiery explosion engulfs the rockslime.
The rockslime resists.
Flame seeps out of the rockslime.
The rockslime is heavily wounded.
The fiery explosion engulfs the quicksilver ooze!!
You kill the quicksilver ooze!
That felt strangely unrewarding.
The fiery explosion engulfs the acid blob!!!
You kill the acid blob!
That felt strangely unrewarding.
The dying Royal Jelly spits out three more jellies.
The acid blob is engulfed in blazing flames.
Flame seeps out of the acid blob.
The acid blob is engulfed in blazing flames.
Flame seeps out of the acid blob.
You redirect the acid blob's attack!
The acid blob is engulfed in blazing flames.
Flame seeps out of the acid blob.
The acid blob spits acid at you. The splash of acid hits you!
You die...

#................
#................
#................
##...............
##...............
#................
######................
####.#...................
##.#..........z...........
##........................
#..................##..#.
...........JJ...#.## ###
.......JJJJ§§...###
#.......J§J○§..##
##....J.JJJJ§.##
#....JJJJ○§..#
##....JJ.J..##


You could see 4 acid blobs, 3 azure jellies and 6 rockslimes.

Vanquished Creatures
  the Royal Jelly (Slime:5)
  An ancient lich (Crypt:3)
  Mennas (Crypt:1)
  Mara (Vaults:2)
  Sojobo (Crypt:1)
  Margery (Vaults:2)
  Xtahua (Crypt:2)
  Nikola (Swamp:3)
  A golden dragon (Depths:2)
  Norris (Vaults:4)
  A bone dragon (Depths:4)
  2 doom hounds (Crypt:2)
  A shard shrike zombie (Crypt:1)
  A walking crystal tome (Depths:2)
  2 tentacled monstrosities
  Jorgrun (Elf:2)
  Grunn (Crypt:2)
  2 deep elf master archers (Elf:3)
  A walking earthen tome (Depths:2)
  A titan (Depths:2)
  6 liches
  5 sphinxes
  2 deep elf blademasters (Elf:3)
  A quicksilver dragon (Depths:4)
  7 acid blobs
  2 ancient champions
  A thorn hunter (Swamp:4)
  Aizul (Crypt:1)
  6 tengu reavers
  A shadow dragon (Depths:4)
  5 nagarajas
  8 fire giants
  6 rockslimes
  6 azure jellies
  A revenant (Crypt:3)
  An iron dragon (Depths:4)
  2 deep elf sorcerers (Elf:3)
  6 frost giants
  10 vault wardens
  5 deep elf elementalists
  A balrug (Depths:2)
  7 formless jellyfish
  2 draconian stormcallers (Depths:4)
  2 curse skulls
  4 quicksilver oozes
  An orc warlord (Vaults:1)
  17 ironbound preservers
  4 war gargoyles
  5 spriggan defenders
  7 ironbound thunderhulks
  9 stone giants
  16 very ugly things
  2 green draconians (Depths:4)
  An eleionoma (Swamp:1)
  8 vampire knights
  5 deep elf demonologists
  12 spark wasps
  A purple draconian (Depths:4)
  A white draconian (Depths:4)
  6 deep elf annihilators
  2 yellow draconians (Depths:4)
  6 bunyips
  A minotaur (Gauntlet)
  11 dire elephants
  A blizzard demon (Depths:1)
  11 deep elf death magi
  2 eidola
  A mummy priest (Crypt:3)
  Josephine (Orc:1)
  9 jiangshi
  7 ettins
  A fire dragon (shapeshifter) (Depths:3)
  6 fire dragons
  A merfolk impaler (Depths:3)
  A spriggan zombie (Crypt:3)
  A salamander tyrant (Snake:4)
  An entropy weaver (Vaults:1)
  8 yaktaur captains
  7 ice dragons
  5 spriggan air magi
  2 deep elf high priests (Elf:3)
  5 rakshasas (Depths:2)
  9 vault guards
  5 great orbs of eyes
  13 hydras
  5 anacondas
  A ghost crab (Swamp:1)
  A sphinx zombie (Depths:2)
  14 ironbound frosthearts
  3 catoblepae (Lair:5)
  2 demonspawn (Orc:2)
  7 centaur warriors
  10 alligators
  13 death yaks
  12 dancing weapons
  10 deep troll shamans
  2 death knights
  2 two-headed ogres
  12 naga warriors
  6 vampire magi
  3 boulder beetles
  A tengu warrior (D:15)
  11 shock serpents
  8 deep troll earth magi
  9 orc high priests
  18 naga sharpshooters
  A titan zombie (Depths:2)
  5 deep elf knights
  20 spriggans
  A sun demon (Orc:2)
  6 spriggan berserkers
  15 hell knights
  A soul eater (Crypt:1)
  8 iron trolls
  6 goliath frogs
  2 shadow wraiths
  A sixfirhy (Gauntlet)
  11 skeletal warriors
  A fire crab (Lair:4)
  An anaconda zombie (Crypt:2)
  3 skysharks (Vaults:4)
  5 salamander mystics
  12 swamp dragons
  6 spriggan druids
  63 deep trolls
  7 bog bodies
  4 glowing orange brains
  10 flayed ghosts
  A golden dragon zombie (Depths:2)
  8 wizards
  An orange crystal statue (IceCv)
  A bunyip skeleton (Crypt:3)
  17 ironbound convokers
  14 phantasmal warriors
  4 deep elf archers
  9 naga ritualists
  A harpy (Vaults:2)
  13 lindwurms
  5 orc sorcerers
  22 deep elf pyromancers
  21 deep elf zephyrmancers
  A fire giant zombie (Depths:2)
  Pikel (D:8)
  4 necromancers
  An oklob plant (D:11)
  2 wolf spiders (Lair:5)
  2 shining eyes
  4 orc knights (Orc:2)
  10 mana vipers
  47 ugly things
  2 manticores (Lair:5)
  A shadow dragon skeleton (Crypt:3)
  4 cyclopes
  A will-o-the-wisp (Swamp:3)
  13 salamanders
  A shining eye (shapeshifter) (Depths:4)
  19 elephants
  A dire elephant zombie (Crypt:3)
  A human zombie (Vaults:3)
  43 black mambas
  A rust devil (Depths:2)
  12 naga magi
  A torpor snail (Lair:5)
  16 vault sentinels
  8 guardian serpents
  2 eyes of devastation (Depths:2)
  2 orange demons (Depths:2)
  A smoke demon (Orc:2)
  10 fire giant skeletons (Crypt:3)
  5 gargoyles
  2 centaur skeletons (Crypt:3)
  12 cane toads
  3 kobold demonologists
  2 unseen horrors
  6 rime drakes
  3 komodo dragons
  23 yaktaurs
  13 freezing wraiths
  A red draconian skeleton (Crypt:2)
  An efreet (D:15)
  3 anaconda simulacra (IceCv)
  6 tengu conjurers
  An iron troll zombie (Crypt:2)
  5 polar bears
  A harpy zombie (Crypt:3)
  9 trolls
  A hydra zombie (Crypt:2)
  A bloated husk (Swamp:1)
  A raiju (Snake:1)
  3 meliai (D:15)
  5 tyrant leeches
  37 blink frogs
  Grinder (D:6)
  16 hornets
  2 dream sheep (Lair:5)
  A stone giant simulacrum (Vaults:3)
  64 slime creatures
  10 flying skulls (Crypt:2)
  A jumping spider (shapeshifter) (Depths:2)
  An ice dragon skeleton (Crypt:1)
  5 air elementals
  17 wraiths
  6 fire dragon skeletons (Crypt:3)
  61 yaks
  A ynoxinul (Orc:2)
  6 wyverns
  5 shadows (Crypt:3)
  5 vampires
  9 water elementals
  3 fire elementals (Elf:2)
  A slime creature zombie (Crypt:1)
  3 steam dragons
  A human (shapeshifter) (D:14)
  8 basilisks
  A chaos spawn (Orc:2)
  7 vampire mosquitoes
  A redback (Vaults:1)
  A neqoxec (Gauntlet)
  2 harpy simulacra (IceCv)
  4 wargs
  30 nagas
  2 acid dragons
  12 swamp worms
  Edmund (D:4)
  A fire bat zombie (Crypt:1)
  A hydra simulacrum (IceCv)
  An ogre skeleton (Vaults:3)
  A glowing shapeshifter skeleton (Depths:2)
  4 floating eyes
  11 water moccasins
  A merfolk skeleton (Crypt:1)
  10 swamp drakes
  An ice beast (D:6)
  A black bear (Lair:2)
  A deep troll simulacrum (Vaults:3)
  An ettin simulacrum (IceCv)
  2 sky beasts (D:7)
  4 ogres
  26 orc warriors
  16 wolves
  A manticore zombie (Crypt:1)
  An elephant zombie (Crypt:2)
  A lemure (D:8)
  6 centaurs
  3 phantoms
  12 kobold brigands
  7 bullfrogs
  2 scorpions
  2 earth elementals
  An elf skeleton (Crypt:2)
  An entropy weaver simulacrum (Vaults:3)
  7 wights
  A lindwurm simulacrum (IceCv)
  12 killer bees
  4 electric eels
  2 howler monkeys
  4 spriggan skeletons
  6 hounds
  5 jellies
  A wolf skeleton (Crypt:1)
  A hound (shapeshifter) (Vaults:2)
  A gnoll bouda (D:8)
  3 iguanas (D:5)
  34 orc priests
  A black bear skeleton (Crypt:2)
  2 sleepcaps
  19 orc wizards
  A mummy (Ossuary)
  15 adders
  24 gnolls
  A river rat (D:6)
  A steam dragon skeleton (Crypt:2)
  A white imp (D:5)
  4 ufetubi
  A lava snake skeleton (Crypt:1)
  3 worms
  5 dart slugs
  66 orcs
  6 bats
  13 endoplasms
  13 giant cockroaches
  7 goblins
  6 hobgoblins
  4 jackals
  58 kobolds
  5 quokkas
  15 ball pythons
  11 frilled lizards
  6 gnoll skeletons (Ossuary)
  10 kobold skeletons (Ossuary)
  10 orc skeletons
  14 rats
  A spectral orc (D:7)
1955 creatures vanquished.

Vanquished Creatures (collateral kills)
  A centaur (D:8)
1 creature vanquished.

Vanquished Creatures (others)
  A fenstrider witch (Swamp:1)
  A stone giant (Depths:3)
  An ironbound preserver (Vaults:4)
  A deep troll shaman (Depths:2)
  A deep troll (Depths:3)
  A deep elf pyromancer (Orc:1)
  A moth of wrath (shapeshifter) (Depths:4)
  A black mamba (Snake:4)
  Joseph (D:8)
  2 bloated husks
  A yak (Lair:5)
  A redback (shapeshifter) (Elf:2)
  A naga (Snake:4)
  An orc (D:7)
  2 kobolds (D:14)
17 creatures vanquished.

Grand Total: 1973 creatures vanquished

Notes
Turn   | Place    | Note
-------+----------+-------------------------------------------
     0 | D:1      | freelancePsychic the Demonspawn Shapeshifter began the
                  | quest for the Orb.
     0 | D:1      | Reached XP level 1. HP: 15/15 MP: 1/1
   262 | D:1      | Gained mutation: You have sharp fingernails. [demonic
                  | ancestry]
   262 | D:1      | Reached XP level 2. HP: 21/21 MP: 2/2
   354 | D:1      | Reached skill level 3 in Unarmed Combat
   694 | D:2      | Gained mutation: You have very sharp fingernails. [demonic
                  | ancestry]
   694 | D:2      | Reached XP level 3. HP: 25/27 MP: 3/3
   973 | D:2      | Identified the +0 leather armour of the Eternal Fruit
                  | {Rampage rPois SInv}
  1051 | D:2      | Found a shimmering altar of Xom.
  1058 | D:2      | Reached XP level 4. HP: 28/34 MP: 4/4
  1391 | D:3      | Found a sacrificial altar of Ru.
  1413 | D:3      | Became a worshipper of Ru the Awakened
  1670 | D:3      | Gained mutation: You are partially covered in slimy green
                  | scales. (AC +2) [demonic ancestry]
  1670 | D:3      | Reached XP level 5. HP: 39/40 MP: 5/5
  1711 | D:3      | Noticed an ogre
  1803 | D:3      | Noticed a phantom
  1828 | D:3      | Killed a phantom
  1829 | D:3      | Reached skill level 4 in Unarmed Combat
  1952 | D:3      | Reached XP level 6. HP: 36/47 MP: 6/6
  2496 | D:4      | Found a staircase to the Ecumenical Temple.
  2566 | Temple   | Entered the Ecumenical Temple
  2580 | D:4      | Found an ornate altar of the Wu Jian Council.
  2583 | D:4      | Noticed Edmund
  2602 | D:4      | Killed Edmund
  2603 | D:4      | Reached XP level 7. HP: 55/55 MP: 7/7
  2673 | D:4      | Found a transporter.
  2678 | D:4      | Found a transporter.
  2682 | D:4      | Noticed wormstring's ghost (amateur DsSh)
  2941 | D:4      | Reached skill level 5 in Unarmed Combat
  2987 | D:4      | Reached skill level 5 in Fighting
  3279 | D:4      | Gained mutation: You occasionally lose the ability to drink
                  | potions when taking damage. [Ru sacrifice]
  3279 | D:4      | Gained mutation: You sometimes lose the ability to drink
                  | potions when taking damage. [Ru sacrifice]
  3279 | D:4      | Reached * piety under Ru
  3477 | D:4      | Gained mutation: You regenerate magic rapidly. [demonic
                  | ancestry]
  3477 | D:4      | Reached XP level 8. HP: 54/63 MP: 8/8
  4076 | D:5      | Entered Level 5 of the Dungeon
  4192 | D:5      | Reached skill level 5 in Shapeshifting
  4474 | D:5      | Found an iron altar of Okawaru.
  4474 | D:5      | Found a blossoming altar of Fedhas.
  4534 | D:5      | Reached skill level 6 in Unarmed Combat
  4751 | D:6      | Found Tifyula's Weapon Shop.
  4801 | D:6      | Noticed Grinder
  4811 | D:6      | Killed Grinder
  4899 | D:6      | Found a stormy altar of Qazlal.
  5077 | D:6      | Found a glowing drain.
  5082 | Sewer    | Entered a sewer
  5173 | Sewer    | Gained mutation: Your cowardice makes you less effective in
                  | combat with threatening foes. [Ru sacrifice]
  5173 | Sewer    | Reached ** piety under Ru
  5437 | Sewer    | Reached XP level 9. HP: 51/71 MP: 9/9
  6123 | D:7      | Reached skill level 1 in Evocations
  6193 | D:7      | Reached skill level 7 in Unarmed Combat
  6297 | D:7      | Found a shimmering altar of Xom.
  6711 | D:7      | Found a basalt altar of Yredelemnul.
  6867 | D:7      | Noticed wormstring's ghost (novice DrSh)
  6868 | D:7      | Found a transporter.
  6869 | D:7      | Found a transporter.
  7256 | D:8      | Noticed Pikel
  7270 | D:8      | Killed Pikel
  7501 | D:8      | Noticed Joseph
  7515 | D:8      | Killed Joseph
  7517 | D:8      | Gained mutation: You are mostly covered in slimy green
                  | scales. (AC +3) [demonic ancestry]
  7517 | D:8      | Reached XP level 10. HP: 38/80 MP: 10/10
  7539 | D:8      | Found a sand-covered staircase.
  7544 | Ossuary  | Entered an ossuary
  7665 | Ossuary  | Gained mutation: You cannot study or cast Ice magic. [Ru
                  | sacrifice]
  7665 | Ossuary  | Gained mutation: You cannot study or cast Transmutations
                  | magic. [Ru sacrifice]
  7665 | Ossuary  | Gained mutation: You cannot study or cast Translocations
                  | magic. [Ru sacrifice]
  7665 | Ossuary  | Reached *** piety under Ru
  7780 | Ossuary  | Identified a scroll of acquirement
  7843 | D:8      | Acquired a manual of Unarmed Combat
  8007 | D:8      | Reached skill level 8 in Unarmed Combat
  8477 | D:9      | Found a burning altar of Makhleb.
  8703 | D:9      | Reached skill level 5 in Evocations
  8853 | D:9      | Reached skill level 9 in Unarmed Combat
  9120 | D:9      | Found a hazy altar of Hepliaklqana.
  9127 | D:9      | Found a sparkling altar of Nemelex Xobeh.
  9130 | D:9      | Found a radiant altar of Vehumet.
  9132 | D:9      | Found a hide-covered altar of Uskayaw.
  9340 | D:10     | Entered Level 10 of the Dungeon
  9489 | D:10     | You fall into a shaft and drop 2 floors!
  9489 | D:12     | Found a staircase to the Orcish Mines.
  9685 | D:12     | Noticed a boulder beetle
  9711 | D:12     | Killed a boulder beetle
  9712 | D:12     | Reached skill level 10 in Unarmed Combat
  9913 | D:12     | Noticed a deep elf pyromancer
  9916 | D:12     | Killed a deep elf pyromancer
  9917 | D:12     | Gained mutation: Your demonic aura sometimes causes spilled
                  | blood to erupt in flames. [demonic ancestry]
  9917 | D:12     | Reached XP level 11. HP: 83/90 MP: 11/11
  9956 | D:12     | Gained mutation: You are hated by all. [Ru sacrifice]
  9956 | D:12     | Reached **** piety under Ru
  9956 | D:12     | Reached ***** piety under Ru
 10044 | D:12     | Noticed a brown ugly thing
 10055 | D:12     | Killed a green ugly thing
 10066 | D:12     | Reached skill level 10 in Fighting
 10556 | D:12     | Reached skill level 11 in Unarmed Combat
 10752 | D:12     | Noticed a boulder beetle
 10761 | D:12     | Killed a boulder beetle
 11254 | D:11     | Noticed a red ugly thing
 11265 | D:11     | Killed a brown ugly thing
 11350 | D:11     | Found a staircase to the Lair.
 11351 | D:11     | Noticed an oklob plant
 11591 | D:11     | Reached skill level 12 in Unarmed Combat
 12220 | D:11     | Killed an oklob plant
 12379 | D:10     | Identified the +10 war axe of the Spectre {freeze, rPois}
 12725 | D:10     | Found a broken altar of Ashenzari.
 12828 | D:10     | Noticed a two-headed ogre
 12835 | D:10     | Killed a two-headed ogre
 12952 | Lair:1   | Entered Level 1 of the Lair of Beasts
 12959 | Lair:1   | Gained mutation: Your demonic aura often causes spilled
                  | blood to erupt in flames. [demonic ancestry]
 12959 | Lair:1   | Reached XP level 12. HP: 100/100 MP: 12/12
 13024 | D:11     | Reached skill level 13 in Unarmed Combat
 13285 | Lair:1   | Identified the +7 rapier of Defilement {antimagic, rPois
                  | Stlth+}
 13339 | Lair:1   | Reached skill level 14 in Unarmed Combat
 13345 | Lair:1   | Gained mutation: You are slightly weak-willed. (Will-) [Ru
                  | sacrifice]
 14298 | Lair:2   | Reached skill level 1 in Armour
 15035 | Lair:3   | Reached XP level 13. HP: 111/111 MP: 13/13
 15039 | Lair:3   | Reached skill level 15 in Unarmed Combat
 15054 | Lair:3   | Gained mutation: You occasionally shout uncontrollably at
                  | your foes. [Ru sacrifice]
 15054 | Lair:3   | Reached ****** piety under Ru
 15669 | Lair:3   | Found a staircase to the Snake Pit.
 15790 | Lair:3   | Found a staircase to the Swamp.
 16309 | Lair:4   | You fall into a shaft and drop 1 floor!
 16309 | Lair:5   | Entered Level 5 of the Lair of Beasts
 16844 | Lair:5   | Reached skill level 10 in Shapeshifting
 16930 | Lair:5   | Reached skill level 5 in Armour
 17040 | Lair:5   | Gained mutation: Your demonic aura causes all spilled blood
                  | to erupt in flames. [demonic ancestry]
 17040 | Lair:5   | Reached XP level 14. HP: 41/105 MP: 5/14
 17705 | Lair:4   | Found a staircase to the Slime Pits.
 17726 | Lair:4   | Acquired the +1 hat of Tuci {Will+ Dex+4}
 18515 | Lair:5   | Reached skill level 16 in Unarmed Combat
 19649 | D:13     | Found Zyth's General Store.
 19977 | D:13     | Bought a scroll of blinking for 120 gold pieces
 20448 | D:13     | Reached skill level 15 in Fighting
 20800 | D:13     | Found Fipy's Magic Scroll Boutique.
 20839 | D:13     | Found a gate to the Vaults.
 21125 | D:14     | Found a gate leading to a gauntlet.
 21144 | Gauntlet | Entered a Gauntlet
 21144 | Gauntlet | Found a transporter.
 21144 | Gauntlet | Found a transporter.
 21195 | Gauntlet | Found a transporter.
 21208 | Gauntlet | Found a transporter.
 21208 | Gauntlet | Found a transporter.
 21208 | Gauntlet | Found a transporter.
 21210 | Gauntlet | Found a transporter.
 21210 | Gauntlet | Found a transporter.
 21223 | Gauntlet | Found a transporter.
 21238 | Gauntlet | Found a transporter.
 21248 | Gauntlet | Found a transporter.
 21262 | Gauntlet | Found a transporter.
 21282 | Gauntlet | Found a transporter.
 21294 | Gauntlet | Found a transporter.
 21407 | Gauntlet | Identified the ring of Xurisang {Fly rElec Str+4 Int-3
                  | Dex+4}
 22293 | D:15     | Entered Level 15 of the Dungeon
 22330 | D:15     | Gained mutation: When hurt, damage is shared between your
                  | health and your magic reserves. [demonic ancestry]
 22330 | D:15     | Reached XP level 15. HP: 114/129 MP: 15/15
 22499 | D:15     | Found Geejycve's Magic Scroll Shop.
 22511 | D:15     | Bought a scroll of blinking for 97 gold pieces
 22511 | D:15     | Bought a scroll of teleportation for 39 gold pieces
 22771 | D:15     | Found a staircase to the Depths.
 23755 | Snake:1  | Entered Level 1 of the Snake Pit
 23981 | Snake:1  | You are sucked into a shaft and drop 1 floor!
 24519 | Snake:1  | Reached skill level 17 in Unarmed Combat
 25599 | Snake:2  | Identified the amulet "Qigo" {RegenMP rElec Int+3 Slay+3
                  | Stlth-}
 26101 | Snake:2  | Identified the +10 sling of Ash {flame, rPois rN+ rCorr
                  | Int+2}
 26812 | Snake:3  | Reached XP level 16. HP: 104/129 MP: 16/16
 27723 | Snake:3  | Found Curo Qeliu's Antique Armour Boutique.
 27727 | Snake:3  | Bought a glimmering chain mail for 332 gold pieces
 27727 | Snake:3  | Identified the +8 chain mail "Xurpheph" {-Tele Int+3 SInv}
                  | (You bought it in a shop on level 3 of the Snake Pit)
 27729 | Snake:3  | Bought a warped scale mail for 315 gold pieces
 27729 | Snake:3  | Identified the +1 scale mail "Sarchen" {rC- rCorr Int+6
                  | Dex+3} (You bought it in a shop on level 3 of the Snake
                  | Pit)
 29042 | Snake:4  | Entered Level 4 of the Snake Pit
 29351 | Snake:4  | Reached skill level 10 in Armour
 29525 | Snake:4  | Found Gapor's Self-Improvement Boutique.
 30429 | Swamp:1  | Entered Level 1 of the Swamp
 30618 | Swamp:1  | Reached skill level 5 in Dodging
 31632 | Swamp:2  | Reached XP level 17. HP: 116/146 MP: 13/17
 32262 | Swamp:3  | Noticed Nikola
 32282 | Swamp:3  | Killed Nikola
 32332 | Swamp:3  | Reached skill level 18 in Unarmed Combat
 32663 | Swamp:3  | Found a frozen archway.
 32674 | IceCv    | Entered an ice cave
 32806 | IceCv    | Found a transporter.
 32812 | IceCv    | Found a transporter.
 32813 | IceCv    | Identified the +0 ring mail of Sin {rC+ Regen+ Int+2 Dex-5}
 32838 | IceCv    | Got the Papyrus of the Lonely Youths
 33119 | Swamp:4  | Entered Level 4 of the Swamp
 33126 | Swamp:4  | Noticed a tentacled monstrosity
 33135 | Swamp:4  | Killed a tentacled monstrosity
 33580 | Swamp:4  | Reached skill level 1 in Spellcasting
 34467 | Swamp:4  | Got a decaying rune of Zot
 35382 | Snake:4  | Gained mutation: You have claws for hands. [demonic
                  | ancestry]
 35382 | Snake:4  | Reached XP level 18. HP: 125/154 MP: 22/24
 35736 | Snake:4  | Got a serpentine rune of Zot
 36096 | Orc:1    | Entered Level 1 of the Orcish Mines
 36188 | Orc:1    | Noticed Josephine
 36216 | Orc:1    | Killed Josephine
 36777 | Orc:2    | Entered Level 2 of the Orcish Mines
 36959 | Orc:2    | Noticed Sonja
 36961 | Orc:2    | Sonja changed into Sonja the blink frog
 36961 | Orc:2    | Noticed Sonja
 36964 | Orc:2    | Killed Sonja the blink frog
 37149 | Orc:2    | Found Lucurhig's General Store.
 37153 | Orc:2    | Reached skill level 5 in Spellcasting
 37153 | Orc:2    | Found Bauch's Magic Scroll Boutique.
 37226 | Orc:2    | Bought a potion of lignification for 33 gold pieces
 37228 | Orc:2    | Bought a scroll of teleportation for 39 gold pieces
 37375 | Orc:2    | Found Ponoh's Antique Weapon Shoppe.
 37375 | Orc:2    | Found Amumohil's Jewellery Emporium.
 37375 | Orc:2    | Found a one-way gate leading to the halls of Pandemonium.
 37530 | Orc:2    | Found a staircase to the Elven Halls.
 37831 | Elf:1    | Entered Level 1 of the Elven Halls
 38150 | Elf:1    | Found Zaijuscha's Antique Weapon Emporium.
 38219 | Elf:1    | Reached skill level 19 in Unarmed Combat
 38332 | Elf:1    | Got the Omnibus of Violence
 38909 | Elf:2    | Paralysed by an air elemental for 1 turns
 39121 | Elf:2    | Paralysed by an air elemental for 1 turns
 39592 | Elf:2    | Found a radiant altar of Vehumet.
 39712 | Elf:2    | Noticed Jorgrun
 39718 | Elf:2    | Killed Jorgrun
 39750 | Elf:2    | Found a runed translucent gate.
 39751 | Elf:2    | Found a runed translucent gate.
 39751 | Elf:2    | Found a runed translucent gate.
 39802 | Elf:3    | Entered Level 3 of the Elven Halls
 39904 | Elf:3    | Paralysed by an air elemental for 1 turns
 40279 | Elf:3    | Noticed an Ice Fiend
 40282 | Elf:3    | Reached XP level 19. HP: 71/165 MP: 20/26
 40615 | Elf:3    | Found Rism's Retail Resort.
 40631 | Elf:3    | Paralysed by an air elemental for 1 turns
 41034 | Elf:3    | Identified the amulet "Haec Odd" {RegenMP Int+3}
 41035 | Elf:3    | Identified the ring of the Dragon {Fly Str+3}
 41068 | Elf:3    | Identified the +1 helmet of Sloth {Rampage *Corrode rPois
                  | rN++}
 41072 | Elf:3    | Found the +7 sceptre of Torment {pain, torment}
 41072 | Elf:3    | Found the +9 staff of Olgreb {rPois∞}
 41077 | Elf:3    | Identified the staff "Abunimot" {rElec Int+4 Dex+5 Air}
 41089 | Elf:3    | Identified the +1 rapier of the Spectre {speed, +Blink}
 41521 | Vaults:1 | Entered Level 1 of the Vaults
 42412 | Vaults:1 | Found Zozur's Magic Scroll Shoppe.
 42424 | Vaults:1 | Bought a scroll of acquirement for 572 gold pieces
 42424 | Vaults:1 | Bought a scroll of blinking for 82 gold pieces
 42424 | Vaults:1 | Bought a scroll of teleportation for 33 gold pieces
 42424 | Vaults:1 | Bought a scroll of blinking for 82 gold pieces
 42424 | Vaults:1 | Acquired a manual of Unarmed Combat
 42880 | Vaults:1 | Reached skill level 20 in Unarmed Combat
 43234 | Vaults:1 | Paralysed by a formless jellyfish for 1 turns
 43457 | Vaults:2 | Noticed Mara
 43461 | Vaults:2 | Noticed freelancePsychic's illusion
 43464 | Vaults:2 | Killed Mara
 43613 | Vaults:2 | Reached skill level 15 in Shapeshifting
 43742 | Vaults:2 | Noticed Margery
 43747 | Vaults:2 | Killed Margery
 44924 | Vaults:2 | Gained mutation: When low on magic, you restore magic in
                  | place of health. [demonic ancestry]
 44924 | Vaults:2 | Reached XP level 20. HP: 162/163 MP: 27/27
 45427 | Vaults:3 | Reached skill level 21 in Unarmed Combat
 45905 | Vaults:3 | Found Foukesig's Distillery.
 45913 | Vaults:3 | Bought a potion of resistance for 190 gold pieces
 46628 | Vaults:3 | Found Makheig's Weapon Shop.
 46651 | Vaults:3 | Found a staircase to the Crypt.
 47635 | Vaults:4 | Noticed Norris
 47640 | Vaults:4 | Killed Norris
 48543 | Vaults:4 | Identified the +5 scale mail of Tartarus {rC+ Dex+3}
 49151 | Depths:1 | Entered Level 1 of the Depths
 49151 | Depths:1 | Found a one-way gate to the infinite horrors of the Abyss.
 49160 | Depths:1 | Gained mutation: You punish those that try to bend your
                  | will. (Will+) [demonic ancestry]
 49160 | Depths:1 | Reached XP level 21. HP: 140/176 MP: 24/28
 49275 | Depths:1 | Reached skill level 22 in Unarmed Combat
 49700 | Depths:1 | Found Ifuremm's Jewellery Shop.
 49714 | Depths:1 | Bought a talisman of death for 1591 gold pieces
 49908 | Depths:1 | Found a gateway to Hell.
 51453 | Depths:2 | Noticed a golden dragon
 51466 | Depths:2 | Killed a golden dragon
 51834 | Depths:2 | Identified the +1 robe of the Aged Blessings {Harm +Inv
                  | rElec Dex-2}
 52389 | Depths:2 | Identified the staff "Wehur" {Drain rElec Str+2 Int+3 Dex+8
                  | Air}
 52672 | Depths:2 | Found a one-way gateway to a ziggurat.
 52674 | Depths:2 | Paralysed by a floating eye for 4 turns
 52708 | Depths:2 | Paralysed by a floating eye for 3 turns
 52714 | Depths:2 | Paralysed by a floating eye for 2 turns
 52717 | Depths:2 | Paralysed by a floating eye for 3 turns
 52728 | Depths:2 | Paralysed by a floating eye for 2 turns
 52732 | Depths:2 | Paralysed by a floating eye for 3 turns
 52739 | Depths:2 | Paralysed by a floating eye for 4 turns
 52744 | Depths:2 | Paralysed by a floating eye for 3 turns
 52750 | Depths:2 | Paralysed by a floating eye for 2 turns
 52754 | Depths:2 | Paralysed by a floating eye for 2 turns
 52763 | Depths:2 | Paralysed by a floating eye for 3 turns
 53660 | Depths:3 | Gained mutation: You are resistant to unholy torment.
                  | [demonic ancestry]
 53660 | Depths:3 | Reached XP level 22. HP: 167/191 MP: 25/29
 54253 | Depths:3 | Found Atuxkiugo's Book Emporium.
 54254 | Depths:3 | Found Ziudwig's Jewellery Shop.
 54254 | Depths:3 | Found Tor Ibli's Jewellery Shop.
 54403 | Depths:3 | Paralysed by a floating eye for 4 turns
 55076 | Depths:3 | Identified the +2 robe "Quremm" {*Slow rN+++ rCorr Stlth-}
 55316 | Depths:4 | Entered Level 4 of the Depths
 55650 | Depths:4 | Found Eddel's Jewellery Shop.
 55655 | Depths:4 | Found Woan's Book Shop.
 56192 | Depths:4 | Identified the +1 robe "Cyaxtucw" {rN+}
 56360 | Depths:4 | Found a gate to the Realm of Zot.
 57208 | Slime:1  | Entered Level 1 of the Pits of Slime
 57440 | Crypt:1  | Entered Level 1 of the Crypt
 57444 | Crypt:1  | Noticed Mennas
 57450 | Crypt:1  | Killed Mennas
 57451 | Crypt:1  | Reached skill level 1 in Shields
 57457 | Crypt:1  | Noticed Aizul
 57471 | Crypt:1  | Killed Aizul
 57797 | Crypt:1  | Noticed Sojobo
 57807 | Crypt:1  | Killed Sojobo
 58072 | Crypt:1  | Identified the +0 robe of an ossuary {Harm Stlth+}
 58109 | Crypt:1  | Identified the +3 scale mail "Boukkil" {rC+ Slay+3}
 58459 | Crypt:2  | Noticed Xtahua
 58468 | Crypt:2  | Killed Xtahua
 58469 | Crypt:2  | Reached skill level 5 in Shields
 58973 | Crypt:2  | Noticed Grunn
 58992 | Crypt:2  | Killed Grunn
 58993 | Crypt:2  | Gained mutation: You can hurl damnation. [demonic ancestry]
 58993 | Crypt:2  | Reached XP level 23. HP: 84/198 MP: 20/30
 59853 | Crypt:3  | Entered Level 3 of the Crypt
 60247 | Crypt:3  | Identified the +1 cloak of Kikubaaqudgha {Int+4 Stlth+}
 60249 | Crypt:3  | Identified the +10 dire flail "Leviticus" {heavy, rC++ rN+}
 61276 | Crypt:3  | Found a staircase to the Tomb.
 61293 | Crypt:3  | Noticed an ancient lich
 61297 | Crypt:3  | Killed an ancient lich
 61429 | Crypt:3  | Identified the ring of Dets {Fire Fly Str-2 Int+2}
 61434 | Crypt:3  | Got Ganemn's Compilation of Bodies
 61435 | Crypt:3  | Identified the ring of Ephelil {Contam Will++ MP+9 Int+6
                  | SInv}
 62461 | Slime:3  | Reached skill level 10 in Shields
 63467 | Slime:5  | Entered Level 5 of the Pits of Slime
 63617 | Slime:5  | Noticed the Royal Jelly
 63625 | Slime:5  | HP: 4/154 [rockslime[the Royal Jelly] (18)]
 63627 | Slime:5  | Killed the Royal Jelly
 63627 | Slime:5  | Killed from afar by an acid blob

Illustrated notes

Levels and vault maps discovered:
D:1:      scummos_arrival_star, layout_basic, hangedman_decor_slide_cut
D:2:      wander_river, layout_basic, basic_altar,
          nicolae_twisty_statue_hallways
D:3:      minmay_recursive_quarters, layout_rooms,
          mainiacjoe_overflow_small_starburst
D:4:      minmay_goblin_kobold_castle, layout_loops_ring, lemuel_tele_altar,
          minmay_temple_entry_statues_pillars, gammafunk_ghost_stat_death,
          minmay_misc_feat_roman, uniq_edmund
D:5:      layout_rooms, gammafunk_temple_overflow_elements
D:6:      layout_cave_pods, zin_statuary, nicolae_qazlal_scattered_showers,
          portal_sewer_entry_e, serial_shops, nicolae_shop_scrapyard,
          uniq_grinder
D:7:      layout_loops_cross, yredelemnul_forgotten_temple_becter,
          mainiacjoe_overflow_cross_hatched, gammafunk_ghost_smash
D:8:      layout_basic, enter_ossuary_2, uniq_pikel, uniq_joseph
D:9:      layout_roguey, bloody_makhleb, minitemple
D:10:     layout_roguey, evilmike_ruin_ashenzari
D:11:     layout_basic, dpeg_oklobed_lair
D:12:     layout_long_grid, orc_0_dummy
D:13:     layout_big_octagon, david_vaults_2, serial_shops, shop,
          nicolae_shop_waterfront
D:14:     layout_irregular_city, hangedman_abyss_or_decor_stagger,
          gauntlet_entry_generic
D:15:     grunt_enter_depths_hoard, layout_irregular_city, nicolae_hexahallways,
          serial_shops, nicolae_shop_window_shopping
Temple:   nicolae_temple_superstar
Lair:1:   layout_hall_layers, grunt_megastairs_5
Lair:2:   layout_chaotic_city
Lair:3:   layout_gridlike, minmay_swamp_entry_worms, guppyfry_snake_entry_garden
Lair:4:   layout_regular_city, nicolae_slime_entry_field_trip, disabler_island,
          grunt_megastairs_3
Lair:5:   hangedman_lair_in_review, layout_layer_cave, grunt_megastairs_2,
          serial_bayou_shore_b
Swamp:1:  layout_basic_swamp, nicolae_swamp_small_spring
Swamp:2:  layout_falls_marsh, nicolae_swamp_treefoil, swamp_pool2,
          wheals_swamp_sinkhole
Swamp:3:  layout_basic_swamp, portal_ice_cave_entry_frozen_things,
          evilmike_swamp_ruin_rubble_2, uniq_nikola
Swamp:4:  swamp_alternative, layout_basic_swamp, swamp_pool5
Snake:1:  layout_chambers, beargit_elvish_explorers
Snake:2:  layout_chambers
Snake:3:  layout_chambers, serial_shops, nicolae_shop_back_alley_shop,
          nicolae_integral_box
Snake:4:  johnstein_snake_rune_scales, layout_rooms, nicolae_shop_self_help
Slime:1:  layout_caves, cheibrodos_slime_lost_civilization_7
Slime:2:  layout_caves, cheibrodos_slime_lost_civilization_4
Slime:3:  layout_caves
Slime:4:  layout_caves
Slime:5:  slime_pit_nicolae_amoeboid
Orc:1:    layout_caves, elves_outpost_lemuel, uniq_josephine
Orc:2:    pf_orc_diabolical, layout_diamond_mine, uniq_sonja
Elf:1:    layout_loops_corners, serial_shops, shop, minmay_elf_annihilation,
          nicolae_elf_glass_and_crystal_pillar_2
Elf:2:    nicolae_elf_blades_crystal_corner, layout_loops_corners,
          david_defended_altar_elf, uniq_jorgrun
Elf:3:    grunt_elf_hall_branching, layout_gridlike, nicolae_alphabet_shops
Vaults:1: v_misc_33, nicolae_vaults_back_hallway, nicolae_vaults_network_square,
          nicolae_vaults_security_offices_1, vaults_room_mumra_shop_pool,
          ontoclasm_vaults_ring_square, v_misc_13, nicolae_vaults_six-pack,
          nicolae_vaults_yaktaur_gun_rack, v_alt_pattern_4,
          nicolae_vaults_six-pack, layout_vaults_maze_bifur
Vaults:2: nicolae_vaults_tangram_2, nicolae_vaults_sesquioval_fish,
          st_more_cells, nicolae_vaults_tetromino_Z_2,
          nicolae_vaults_tetromino_L_2, v_misc_32,
          ontoclasm_vaults_decontamination, layout_vaults_quadrants,
          uniq_margery, uniq_mara
Vaults:3: minmay_crypt_entry_nasty_monster, nicolae_vaults_ninety_degrees,
          nicolae_vaults_shipping_containers_1, v_misc_9,
          nicolae_vaults_taking_the_gang_shopping, vaults_room_stairs_pillars,
          v_misc_19, vaults_mumra_lcd, v_misc_26, ontoclasm_vaults_pinch,
          v_pattern_2, hangedman_vaults_stretched_pinwheel, vaults_dpeg_ring,
          nicolae_vaults_storage_room_statues, nicolae_vaults_little_squares_6,
          layout_vaults_omnibox, serial_shops, nicolae_shop_industrial_runoff
Vaults:4: ontoclasm_vaults_chip, hangedman_vaults_slice, v_misc_24,
          ontoclasm_vaults_ring_large, nicolae_vaults_house_2, v_pattern_1,
          vaults_room_fours, nicolae_vaults_turnstiles,
          layout_vaults_chaotic_city, uniq_norris
Crypt:1:  layout_gridlike, minmay_misc_feat_alley, uniq_sojobo, uniq_aizul,
          uniq_mennas
Crypt:2:  layout_catacombs, minivault_27, uniq_xtahua, uniq_grunn
Crypt:3:  quadcrypt_mu
Depths:1: layout_basic, serial_shops, shop_statue, nicolae_water_bricks,
          hangedman_coc_ice_floe, abyss_entry_glasseish, minmay_crystal_water,
          wad_mini_maze
Depths:2: grunt_arcs, layout_basic, enter_ziggurat_c, rand_demon_pan_entry_5,
          dk_noncrumbling_4, pf_hell_entry_tar_spiral, uniq_josephina
Depths:3: minmay_slanted_spiral_squares, layout_gridville,
          serial_sigils_hangedman_writhe, abyss_entry_small_statue_room,
          hell_entry, chequers_serial_rivers_micro_d, minmay_staircase_statues,
          serial_bayou_shore_a, minmay_shop_grove
Depths:4: grunt_zot_entry_hairpin, layout_cave_shapes, hell_entry,
          fedhas_altar_1, nicolae_two_hexagons, minmay_shop_star

Skill      XL: |  1  2  3  4  5  6  7  8  9 10 11 12 13 14 15 16 17 18 19 20 21 22 23 |
---------------+----------------------------------------------------------------------+-----
Unarmed Combat | 3 4 5 6 7 10 12 14 15 16 17 18 19 20 21 22 | 22.0
Shapeshifting  | 3 4 6 7 8 9 10 11 12 13 14 15 18 19 20 | 20.4
Fighting       | 2 3 4 5 6 8 9 11 13 14 15 16 17 18 20 | 20.3
Evocations     | 4 5 |  5.0
Armour         | 1 5 7 9 10 11 13 14 | 14.4
Dodging        | 2 5 6 9 |  9.4
Spellcasting   | 4 5 |  5.0
Shields        | 6 10 | 10.9

Action                     |  1- 3 |  4- 6 |  7- 9 | 10-12 | 13-15 | 16-18 | 19-21 | 22-24 || total
---------------------------+-------+-------+-------+-------+-------+-------+-------+-------++-------
  Melee: Unarmed           |   103 |   134 |   571 |   579 |   488 |   804 |   868 |   903 ||  4450
         Punch             |     4 |     3 |     2 |       |    50 |    67 |   144 |    45 ||   315
 Invoke: Sacrifice Drink   |       |       |     1 |       |       |       |       |       ||     1
         Sacrifice Courage |       |       |     1 |       |       |       |       |       ||     1
         Draw Out Power    |       |       |       |     2 |     1 |     6 |     5 |     3 ||    17
         Sacrifice Arcana  |       |       |       |     1 |       |       |       |       ||     1
         Sacrifice Love    |       |       |       |     1 |       |       |       |       ||     1
         Apocalypse        |       |       |       |     3 |    10 |     9 |    11 |     6 ||    39
         Sacrifice Essence |       |       |       |     1 |       |       |       |       ||     1
         Sacrifice Purity  |       |       |       |       |     1 |       |       |       ||     1
         Power Leap        |       |       |       |       |     1 |     1 |       |       ||     2
Ability: Begin Untransform |     1 |       |       |       |       |       |       |     1 ||     2
         Hurl Damnation    |       |       |       |       |       |       |       |     4 ||     4
         Siphon Essence    |       |       |       |       |       |       |       |     1 ||     1
  Evoke: Wand              |       |       |       |     2 |     5 |     4 |     1 |       ||    12
         Lightning rod     |       |       |       |     2 |       |     3 |     1 |       ||     6
         Tin of tremorston |       |       |       |       |       |     3 |     2 |       ||     5
         Phial of floods   |       |       |       |       |       |     1 |       |       ||     1
    Use: Potion            |       |     1 |     3 |       |     7 |     3 |     4 |     1 ||    19
         Scroll            |       |     1 |    14 |     9 |     8 |     3 |     5 |     4 ||    44
   Stab: Distracted        |       |       |     1 |     2 |     4 |     7 |     5 |     5 ||    24
         Invisible         |       |       |       |     4 |     4 |     9 |     8 |     3 ||    28
         Paralysed         |       |       |       |     4 |    12 |     9 |    13 |    10 ||    48
         Petrified         |       |       |       |       |     4 |       |       |       ||     4
         Confused          |       |       |       |       |       |     1 |       |     1 ||     2
 Armour: Ring mail         |    36 |    35 |    70 |       |       |       |       |       ||   141
         Animal skin       |     2 |       |       |       |       |       |       |       ||     2
         Skin              |       |     3 |    12 |       |       |       |       |       ||    15
         Leather armour    |       |       |   152 |   166 |    41 |       |       |       ||   359
         Acid dragon scale |       |       |       |       |    33 |       |       |       ||    33
         Quicksilver drago |       |       |       |       |    54 |   261 |   197 |   204 ||   716
  Dodge: Dodged            |    43 |    65 |   436 |   319 |   175 |   408 |   385 |   275 ||  2106
  Block: Other             |       |       |       |       |    43 |       |       |       ||    43
         Reflection        |       |       |       |       |     8 |       |       |     1 ||     9
         Kite shield       |       |       |       |       |       |       |       |   266 ||   266
   Form: Beast             |     1 |       |       |       |       |       |       |       ||     1
         Flux              |       |       |     1 |       |       |       |       |       ||     1
         Blade             |       |       |       |     1 |       |       |       |       ||     1
         Death             |       |       |       |       |       |       |       |     2 ||     2

Table legend: (Time is in decaauts)
 A = Elapsed time spent in this place.
 B = Non-inter-level travel time spent in this place.
 C = Inter-level travel time spent in this place.
 D = Time resting spent in this place.
 E = Time spent auto-exploring this place.
 F = Levels seen in this place.
 G = Mean time per level.
                   A        B        C        D        E       F      G
               +--------+--------+--------+--------+--------+-----+--------+
         Total |  62555 |  58868 |   3687 |   4958 |  44604 |  54 | 1158.4 |
       Dungeon |  16921 |  15491 |   1430 |   1586 |  11046 |  15 | 1128.1 |
        Temple |      1 |      1 |      0 |      0 |      0 |   1 |    1.0 |
          Lair |   7079 |   6486 |    593 |    451 |   5177 |   5 | 1415.8 |
         Swamp |   3698 |   3581 |    117 |    462 |   2488 |   4 |  924.5 |
     Snake Pit |   7804 |   7320 |    484 |    783 |   5701 |   4 | 1951.0 |
    Slime Pits |   1298 |   1245 |     53 |     82 |    973 |   5 |  259.6 |
  Orcish Mines |   1731 |   1601 |    130 |      0 |   1299 |   2 |  865.5 |
   Elven Halls |   3403 |   3216 |    187 |    231 |   2573 |   3 | 1134.3 |
        Vaults |   7565 |   7175 |    390 |    378 |   5944 |   4 | 1891.2 |
         Crypt |   4342 |   4217 |    125 |      0 |   3463 |   3 | 1447.3 |
        Depths |   7388 |   7215 |    173 |    984 |   5146 |   4 | 1847.0 |
         Sewer |    525 |    525 |      0 |      0 |    271 |   1 |  525.0 |
       Ossuary |    289 |    289 |      0 |      0 |    210 |   1 |  289.0 |
      Ice Cave |    190 |    190 |      0 |      0 |    132 |   1 |  190.0 |
      Gauntlet |    313 |    313 |      0 |      0 |    180 |   1 |  313.0 |
               +--------+--------+--------+--------+--------+-----+--------+

Top non-repeatable levels by time:
 Snake:3: 3023 daAuts
Depths:2: 2572 daAuts
    D:12: 2539 daAuts
Vaults:2: 2200 daAuts
  Lair:5: 2199 daAuts
Vaults:3: 2015 daAuts
 Crypt:3: 1956 daAuts
Vaults:1: 1934 daAuts
    D:11: 1844 daAuts
Depths:1: 1744 daAuts
 Snake:1: 1728 daAuts
 Snake:2: 1603 daAuts
    D:15: 1601 daAuts
Depths:4: 1596 daAuts
  Lair:3: 1546 daAuts
